 Dungeon Crawl Stone Soup version 0.27-a0-79-gcaaa221d37 (webtiles) character file.

Game seed: 15978511192764921064

239 Borgoz the Skirmisher (level 6, -1/52 HPs)
             Began as a Ghoul Gladiator on Jan 14, 2021.
             Slain by Pikel
             ... wielding a +1 whip of freezing
              (5 damage)
             ... on level 3 of the Dungeon.
             The game lasted 00:08:31 (3962 turns).

Borgoz the Skirmisher (Ghoul Gladiator)             Turns: 3962, Time: 00:08:32

Health: -1/52      AC:  7    Str: 18    XL:     6   Next: 7%
Magic:  5/5        EV: 11    Int:  9    God:
Gold:   193        SH:  0    Dex: 12    Spells: 5/5 levels left

rFire    . . .     SeeInvis .   a - +2 long sword
rCold    + . .     Faith    .   (no shield)
rNeg     + + +     Spirit   .   i - +0 scale mail
rPois    ∞         Reflect  .   c - +0 helmet
rElec    .         Harm     .   (no cloak)
rCorr    .         Rampage  .   (no gloves)
Will     .....                  (no boots)
Stlth    ..........             o - amulet of inaccuracy (curse)
HPRegen  0.00/turn              m - +6 ring of intelligence
MPRegen  0.09/turn              (no ring)

@: no status effects
A: claws 1, cold resistance 1, negative energy resistance 3, inhibited
regeneration, torment resistance, unbreathing
a: no special abilities


You were on level 3 of the Dungeon.
You visited 1 branch of the dungeon, and saw 4 of its levels.
You also visited: Sewer.

You collected 193 gold pieces.

Inventory:

Hand Weapons
 a - a +2 long sword (weapon)
Armour
 c - a +0 helmet (worn)
 i - a +0 scale mail (worn)
Jewellery
 m - a +6 ring of intelligence (left claw)
 o - a cursed amulet of inaccuracy (around neck)
Scrolls
 e - a scroll of noise {unknown}
 f - 5 scrolls of teleportation
 h - 2 scrolls of blinking
 j - a scroll of remove curse {unknown}
 k - 3 scrolls of fear
 s - a scroll of fog {unknown}
Potions
 b - a potion of attraction {unknown}
 g - a potion of mutation {unknown}
 q - a potion of magic
 r - a potion of might {unknown}
 t - a potion of brilliance {unknown}


   Skills:
 + Level 3.9 Fighting
 + Level 3.7 Long Blades
 - Level 1.7 Throwing
 + Level 2.3 Armour
 + Level 3.7 Dodging


You had 5 spell levels left.
You didn't know any spells.
Your spell library was empty.

Dungeon Overview and Level Annotations

Branches:
Dungeon (4/15)              Sewer (visited)
 Temple: D:4-7

Altars:
Gozag

Annotations:
D:3 Pikel


Innate Abilities, Weirdness & Mutations

You thrive by killing the living.
You are immune to poison.
You have sharp fingernails.
Your flesh is cold resistant. (rC+)
You are immune to negative energy. (rN+++)
You do not regenerate when monsters are visible.
You are immune to unholy pain and torment.
You can survive without breathing.


Message History

Pikel is almost dead.
Pikel misses you.
You barely miss Pikel.
Pikel is almost dead.
Pikel says, "You'll make a fine lemure."
Pikel hits you with a +1 whip of freezing.
* * * LOW HITPOINT WARNING * * *
Pikel freezes you.
* * * LOW HITPOINT WARNING * * *
You hit Pikel.
Pikel is almost dead.
Pikel hits you with a +1 whip of freezing.
* * * LOW HITPOINT WARNING * * *
Okay, then.
You aren't carrying any items that you can evoke.
Okay, then.
You closely miss Pikel.
Pikel is almost dead.
Pikel hits you with a +1 whip of freezing.
You die...

#.#.#...†##..##....####.......###
#.#.#........##....#.............
#.#.#.#+#.##..#.[..#......#######
#.......#.##..##+###......#######
....#...#.##..##.# #.............
..#.#...#.##..##.###.....########
#.###..##.##.....................
..........##.#.#.################
.###########.#.#@#
..[..........#.#K# #########
.#############.#5# #.......# .#
##### #....# #.......# .# #...#
#....# #.......# .## #(..# #....#
#.......# ..# #...#
#....###.......#
..#####...###...>==[)......#
#.#.....÷..##......#.......#


You could see Pikel and a lemure.

Vanquished Creatures
  An orc wizard (D:3)
  An orc priest (D:3)
  8 adders
  An ooze (D:2)
  2 worms (D:2)
  3 dart slugs (D:1)
  A leopard gecko (D:1)
  3 orcs (D:3)
  A ball python (Sewer)
  3 giant cockroaches
  5 goblins
  5 hobgoblins
  13 jackals
  3 quokkas
  10 bats
  10 frilled lizards
  15 kobolds
  8 rats
93 creatures vanquished.

Vanquished Creatures (others)
  4 plants (Sewer)
4 creatures vanquished.

Grand Total: 97 creatures vanquished

Notes
Turn   | Place    | Note
-------+----------+-------------------------------------------
     0 | D:1      | Borgoz the Ghoul Gladiator began the quest for the Orb.
     0 | D:1      | Reached XP level 1. HP: 17/17 MP: 0/0
    58 | D:1      | Reached XP level 2. HP: 23/25 MP: 1/1
   443 | D:1      | Reached skill level 1 in Armour
   443 | D:1      | Reached XP level 3. HP: 30/30 MP: 2/2
  1271 | D:2      | Reached XP level 4. HP: 36/37 MP: 3/3
  1343 | D:2      | Found an opulent altar of Gozag.
  2091 | D:3      | Found a glowing drain.
  2113 | Sewer    | Entered a sewer
  2385 | Sewer    | Reached XP level 5. HP: 45/45 MP: 4/4
  3397 | D:3      | Reached XP level 6. HP: 34/52 MP: 5/5
  3914 | D:4      | Noticed Pikel
  3962 | D:3      | Slain by Pikel

Illustrated notes

Levels and vault maps discovered:
D:1:      roderic_crossed_star, layout_basic, minmay_pentomino_r2
D:2:      layout_basic, nicolae_gozag_seed_capital
D:3:      layout_basic, portal_sewer_entry_d
D:4:      layout_cave_pools, serial_shops, shop, uniq_robin, uniq_blork_the_orc,
          uniq_pikel

Skill      XL: |  1  2  3  4  5 |
---------------+----------------+-----
Long Blades    | 3 |  3.7
Armour         | 1 2 |  2.3
Dodging        | 3 |  3.7
Fighting       | 3 |  3.9
Throwing       | |  1.7

Action                   |  1- 3 |  4- 6 || total
-------------------------+-------+-------++-------
Melee: Long sword        |    92 |   259 ||   351
Throw: Throwing net      |       |     3 ||     3
  Use: Scroll            |     1 |     5 ||     6
       Potion            |       |     6 ||     6
 Stab: Held in net/web   |       |     1 ||     1
Armor: Leather armour    |    11 |       ||    11
       Scale mail        |    33 |   160 ||   193
Dodge: Dodged            |    65 |   187 ||   252
       Rpst.: Long sword |    23 |    69 ||    92

Table legend: (Time is in decaauts)
 A = Elapsed time spent in this place.
 B = Non-inter-level travel time spent in this place.
 C = Inter-level travel time spent in this place.
 D = Time resting spent in this place.
 E = Time spent auto-exploring this place.
 F = Levels seen in this place.
 G = Mean time per level.
                   A        B        C        D        E       F      G
               +--------+--------+--------+--------+--------+-----+--------+
         Total |   4237 |   4119 |    118 |    275 |   2980 |   5 |  847.4 |
       Dungeon |   3126 |   3008 |    118 |    275 |   2200 |   4 |  781.5 |
         Sewer |   1110 |   1110 |      0 |      0 |    780 |   1 | 1110.0 |
               +--------+--------+--------+--------+--------+-----+--------+

Top non-repeatable levels by time:
     D:2: 1233 daAuts
     D:3: 1140 daAuts
   Sewer: 1110 daAuts
     D:1: 736 daAuts
     D:4: 15 daAuts
